 Dungeon Crawl Stone Soup version 0.19.1 (webtiles) character file.

54 FloraKitsune the Sneak (level 3, -1/17 HPs)
             Began as a Felid Monk on Dec 3, 2016.
             Slain by a gnoll
             ... wielding a +0 spear
              (11 damage)
             ... on level 1 of the Dungeon.
             The game lasted 00:07:04 (3238 turns).

FloraKitsune the Sneak (Felid Monk)                 Turns: 3238, Time: 00:07:05

Health: -1/17      AC:  2    Str:  7    XL:     3   Next: 66%
Magic:  4/4        EV: 21    Int: 11    God:
Gold:   87         SH:  0    Dex: 19    Spells: 0 memorised, 2 levels left
                                        Lives:  0   Deaths: 1

rFire  . . .     SeeInvis +       - Unarmed
rCold  . . .     Gourm    .     (armour unavailable)
rNeg   . . .     Faith    .     (shield unavailable)
rPois  .         Spirit   .     (helmet unavailable)
rElec  .         Reflect  .     (cloak unavailable)
rCorr  .         Harm     .     (gloves unavailable)
MR     .....                    (boots unavailable)
Stlth  +++.......               (no amulet)
                                (no ring)
                                j - ring of loudness (curse)

@: quick
A: no armour, no weapons or thrown items, stealth, claws 1, fangs 3, see
invisible, carnivore 3, speed 1, shaggy fur 2, slow metabolism 1, sharp paws
a: no special abilities


You were on level 1 of the Dungeon.
You were not hungry.

You visited 1 branch of the dungeon, and saw 3 of its levels.

You collected 87 gold pieces.

Inventory:

Jewellery
 j - a cursed ring of loudness (left paw)
Scrolls
 b - a scroll of fear
 c - a scroll of amnesia
 e - 2 scrolls of blinking
 g - a scroll of magic mapping {unknown}
 k - 2 scrolls of recharging {unknown}
 m - a scroll of random uselessness {unknown}
Potions
 d - a potion of ambrosia
 f - 2 potions of magic
 h - a potion of flight {unknown}
 n - a potion of curing
Comestibles
 a - a meat ration
 i - a beef jerky


   Skills:
 - Level 3.0 Fighting
 + Level 4.7 Dodging
 * Level 5.5 Stealth
 + Level 3.8 Unarmed Combat


You had 2 spell levels left.
You didn't know any spells.

Dungeon Overview and Level Annotations

Branches:
Dungeon (3/15)

Altars:


Innate Abilities, Weirdness & Mutations

You cannot wear armour.
You are incapable of wielding weapons or throwing items.
Your paws allow you to move quietly. (Stealth)
You have sharp claws.
You have razor-sharp teeth.
You have supernaturally acute eyesight. (SInv)
You are carnivorous and can eat meat at any time.
You cover ground quickly.
You are covered in thick fur. (AC +2)
You have a slow metabolism.
Your sharp claws are effective at attacking unaware monsters.


Message History

a short sword; a kobold skeleton The gnoll shouts!
The gnoll hits you from afar with a spear.
The gnoll closely misses you.
The gnoll throws a tomahawk.
The tomahawk hits you!
You see here a tomahawk.
The gnoll throws a tomahawk.
The tomahawk hits you!
You die...
You are now level 3!
You rejoin the land of the living...
You open the door.
The gnoll throws a tomahawk.
The tomahawk misses you.
The gnoll throws a tomahawk.
The tomahawk completely misses you.
There is an open door here.
The gnoll throws a tomahawk.
The tomahawk hits you!
You see here a tomahawk.
The gnoll closely misses you.
You barely miss the gnoll. You bite the gnoll, but do no damage.
The gnoll hits you with a spear!
Ouch! That really hurt!
You die...

#########. #### #.....)... ...#
#.#######. ##.#################
#.#...#... ...................#
#.#.#.#.#. ...........#######.#
#.....#.#) ...........#
#####.#######.###.#.
##########.###......(...(....#.#.
........##(..'(.@g.######g##.#.#.
######...(..##.....####.#..g.#.#.
######.#..[.######.#.........#.#.
....)..........................'.
######........####.#...........#.
#.#..###.####.#....########.
#..................... #.
####.##.#####.#.##.#..# #.
#..#.#.....#.##.#..# ##


You could see a gnoll.

Vanquished Creatures
  4 adders (D:2)
  A dart slug (D:2)
  2 leopard geckos
  2 orcs (D:3)
  6 ball pythons
  9 bats
  3 giant cockroaches
  5 goblins
  6 hobgoblins
  7 jackals
  2 quokkas (D:2)
  2 frilled lizards (D:2)
  9 kobolds
  9 rats
67 creatures vanquished.

Notes
Turn   | Place    | Note
-------+----------+-------------------------------------------
     0 | D:1      | FloraKitsune the Felid Monk began the quest for the Orb.
     0 | D:1      | Reached XP level 1. HP: 10/10 MP: 2/2
   298 | D:1      | Reached skill level 3 in Stealth
   419 | D:1      | Reached XP level 2. HP: 7/14 MP: 3/3
  1406 | D:1      | Reached XP level 3. HP: 17/17 MP: 4/4
  1506 | D:2      | Reached skill level 4 in Stealth
  1875 | D:2      | Reached XP level 4. HP: 21/21 MP: 5/5
  1985 | D:2      | Reached skill level 5 in Stealth
  2322 | D:2      | Gained mutation: You are covered in thick fur. (AC +2) [potion of beneficial mutation]
  3222 | D:1      | Hit by a tomahawk thrown by a gnoll
  3223 | D:1      | Reached XP level 3. HP: -2/17 MP: 4/4
  3238 | D:1      | Slain by a gnoll

Skill      XL: |  1  2  3  4 |
---------------+-------------+-----
Stealth        | 3 4 5 |  5.5
Fighting       | |  3.0
Dodging        | |  4.7
Unarmed Combat | |  3.8

Action                   |  1- 3 |  4- 6 || total
-------------------------+-------+-------++-------
Melee: Unarmed           |    81 |    82 ||   163
       Bite              |     9 |    11 ||    20
       Punch             |     1 |     1 ||     2
  Use: Scroll            |     5 |     3 ||     8
       Potion            |       |     1 ||     1
 Stab: Sleeping          |    11 |     8 ||    19
       Distracted        |     1 |       ||     1
  Eat: Chunk             |     9 |     2 ||    11
Armor: Skin              |     2 |     7 ||     9
Dodge: Dodged            |    58 |    57 ||   115
